 Dungeon Crawl Stone Soup version 0.17.2 (webtiles) character file.

588350 Goblin1989 the Hoplite (level 26, -5/216 HPs)
             Began as a Demonspawn Wanderer on June 6, 2016.
             Was an Initiate of Gozag.
             Killed from afar by an electric golem (21 damage)
             ... with a bolt of lightning
             ... on level 1 of the Realm of Zot on June 17, 2016.
             The game lasted 04:49:51 (72657 turns).

Goblin1989 the Hoplite (Demonspawn Wanderer)       Turns: 72657, Time: 04:49:51

Health: -5/216     AC: 45    Str: 40    XL:     26   Next: 14%
Magic:  0/27       EV: 16    Int: 10    God:    Gozag
Gold:   26382      SH: 37    Dex: 17    Spells: 10 memorised, 5 levels left

rFire  + + .     SeeInvis +     a - +3 war axe of the Owl {venom, Str+7}
rCold  + + +     Clarity  +     D - +8 orange crystal plate armour {Archmagi, Int+3 Clar SustAt}
rNeg   + + .     SustAt   +     E - +4 large shield of Apathy {Str+3 Dex+4}
rPois  +         Gourm    .     y - +2 hat of the Bear Spirit {Spirit, +Rage rN+ MR++}
rElec  .         Spirit   +     A - +0 cloak "Kosho" {rF+ rC+++ rCorr Int-4}
rCorr  +         Warding  .     J - +1 pair of gloves {archery}
rMut   .         Stasis   .     (boots unavailable)
MR     +++..                    r - amulet "Meptobal" {rPois Regen+}
Stlth  ..........               x - ring of Shaolin {EV+8}
                                Y - ring "Lusaq" {rF+ Str+5}

@: extremely resistant to hostile enchantments, extremely unstealthy
A: claws 1, talons 3, large bone plates 3, see invisible, demonic guardian 3,
dopey 1, low mp 1, negative energy resistance 1, poison resistance, spiny 3, 50%
torment resistance, no device heal 1
a: Potion Petition, Call Merchant, Bribe Branch, Renounce Religion, Evoke
Berserk Rage
}: 3/15 runes: serpentine, barnacled, silver


You were on level 1 of the Realm of Zot.
You worshipped Gozag.
Gozag was noncommittal.
You were full.

You visited 10 branches of the dungeon, and saw 52 of its levels.
You also visited: Labyrinth, Ossuary, Bailey and Ice Cave.

You collected 36997 gold pieces.
You spent 7930 gold pieces at shops.
You paid 2685 gold pieces to Gozag.

Inventory:

Hand Weapons
 a - the +3 war axe of the Owl (weapon) {venom, Str+7}
   (You found it on level 8 of the Lair of Beasts)

   It poisons the flesh of those it strikes.
   It affects your strength (+7).
 b - the +8 hunting sling of the Fulmar {freeze, Int+4 Dex+5}
   (You found it on level 3 of the Elven Halls)

   It causes projectiles fired from it to freeze those they strike, causing
   extra injury to most foes and up to half again as much damage against
   particularly susceptible opponents.
   They can also slow down cold-blooded creatures.
   It affects your intelligence (+4).
   It affects your dexterity (+5).
Missiles
 s - 13 throwing nets {=f, !d}
 F - 1660 stones (quivered)
 K - 164 sling bullets
 W - 18 poisoned sling bullets
Armour
 y - the +2 hat of the Bear Spirit (worn) {Spirit, +Rage rN+ MR++}
   (You found it on level 1 of the Depths)

   It protects you from negative energy.
   It affects your resistance to hostile enchantments.
   It lets you go berserk.
 A - the +0 cloak "Kosho" (worn) {rF+ rC+++ rCorr Int-4}
   (You found it on level 5 of the Dungeon)

   It affects your intelligence (-4).
   It protects you from fire.
   It renders you almost immune to cold.
   It protects you from acid and corrosion.
 D - the +8 orange crystal plate armour (worn) {Archmagi, Int+3 Clar SustAt}
   (You bought it in a shop on level 4 of the Orcish Mines)

   It affects your intelligence (+3).
   It sustains your strength, intelligence and dexterity.
   It protects you against confusion.
 E - the +4 large shield of Apathy (worn) {Str+3 Dex+4}
   (You found it in a labyrinth)

   It affects your strength (+3).
   It affects your dexterity (+4).
 J - a +1 pair of gloves of archery (worn)
Jewellery
 n - the ring of Wedes {rF+++ rN+ Str+3 Dex-2}
   (You found it on level 3 of the Crypt)

   [ring of positive energy]

   It affects your strength (+3).
   It affects your dexterity (-2).
   It renders you almost immune to fire.
   It protects you from negative energy.
 r - the amulet "Meptobal" (around neck) {rPois Regen+}
   (You bought it in a shop on level 2 of the Orcish Mines)

   [amulet of regeneration]

   It protects you from poison.
   It increases your rate of regeneration.
 x - the ring of Shaolin (right hand) {EV+8}
   (You found it on level 2 of the Crypt)

   [ring of evasion]

   It affects your evasion (+8).
 T - an uncursed amulet of resist mutation {rMut, !d}
 Y - the ring "Lusaq" (left hand) {rF+ Str+5}
   (You bought it in a shop on level 3 of the Shoals)

   [ring of protection from fire]

   It affects your strength (+5).
   It protects you from fire.
Wands
 e - a wand of disintegration (12)
 g - a wand of heal wounds (2)
 i - a wand of digging (7)
 I - a wand of disintegration (3)
 R - a wand of teleportation (3)
 S - a wand of digging (5)
 X - a wand of heal wounds (7)
Scrolls
 c - 3 scrolls of silence
 f - 12 scrolls of identify
 l - 11 scrolls of recharging
 m - 2 scrolls of brand weapon
 o - 3 scrolls of fear
 p - 13 scrolls of remove curse
 q - 7 scrolls of immolation {!r}
 u - 8 scrolls of blinking {!r}
 v - 12 scrolls of enchant armour
 B - 2 scrolls of summoning
 C - 7 scrolls of enchant weapon
 G - a scroll of acquirement
 H - 12 scrolls of teleportation
 O - 9 scrolls of magic mapping {!r}
 U - 2 scrolls of fog
Potions
 h - 18 potions of curing
 j - 5 potions of flight
 k - 7 potions of heal wounds
 t - a potion of might
 w - 8 potions of agility
 z - 4 potions of haste
 L - a potion of cure mutation {!q}
 N - 4 potions of cancellation
 V - 2 potions of berserk rage {!q}
Books
 P - a book of Enchantments

   Spells                             Type                      Level
   a - Cause Fear                     Hexes                        4
   b - Silence                        Hexes/Air                    5
   c - Deflect Missiles               Charms/Air                   6
   d - Haste                          Charms                       6
   e - Discord                        Hexes                        8
 Z - an Akashic Record

   Spells                             Type                      Level
   a - Dispersal                      Translocation                6
   b - Malign Gateway                 Summoning/Translocation      7
   c - Disjunction                    Translocation                8
   d - Controlled Blink               Translocation                8
Miscellaneous
 M - a legendary deck of defence {the Shadow}
Comestibles
 d - 16 bread rations
 Q - a beef jerky


   Skills:
 - Level 19.5 Fighting
 - Level 16.1 Axes
 - Level 12.1 Slings
   Level 1.7 Bows
   Level 1.0 Crossbows
 - Level 20.1 Armour
 - Level 25.8 Shields
 + Level 4.6 Spellcasting
 * Level 7.1 Charms
 - Level 1.0 Evocations


You had 5 spell levels left.
You knew the following spells:

 Your Spells              Type           Power        Failure   Level  Hunger
a - Apportation           Tloc           #.........   97%         1    #......
b - Death Channel         Necr           #.........   100%        6    #######
c - Regeneration          Chrm/Necr      ##........   89%         3    ###....
d - Song of Slaying       Chrm           ###.....     14%         2    ##.....
e - Animate Skeleton      Necr           N/A          97%         1    #......
f - Repel Missiles        Chrm/Air       ##....       54%         2    ##.....
g - Swiftness             Chrm/Air       ##......     54%         2    ##.....
h - Passwall              Trmt/Erth      #.........   100%        3    ###....
i - Portal Projectile     Tloc           #.....       100%        3    ###....
j - Haste                 Chrm           ###.....     100%        6    #######


Dungeon Overview and Level Annotations

Branches:
Dungeon (15/15)            Temple (0/1) D:5            Lair (8/8) D:9
 Shoals (4/4) Lair:3        Snake (4/4) Lair:4        Slime (0/6) Lair:6
    Orc (4/4) D:10            Elf (3/3) Orc:4        Vaults (5/5) D:14
  Crypt (3/3) Vaults:2       Tomb (0/3) Crypt:3      Depths (5/5) D:15
    Zot (1/5) Depths:5

Altars:
Ashenzari
Cheibriados
Dithmenos
Fedhas
Gozag
Kikubaaqudgha
Nemelex Xobeh
Qazlal
Sif Muna
Trog
Xom
Yredelemnul
The Shining One
Beogh
Jiyva
Lugonu

Shops:
D:15 (   Orc:2 =   Orc:4 ([:*[(   Shoals:3 *   Depths:2 (

Portals:
Hell: Depths:1 Depths:2 Depths:3 Depths:4 Depths:5
Abyss: Depths:4
Pandemonium: Depths:1 Depths:2 Depths:3
Ziggurat: Depths:1

Annotations:
Lair:7 exclusion: oklob plant


Innate Abilities, Weirdness & Mutations

You have claws for feet.
You are completely covered in large bone plates (AC +4, SH +4).
A powerful demonic guardian rushes to your aid.
You resist negative energy.
You are completely covered in sharp spines.
You are somewhat able to resist unholy torments (1 in 2 success).
You have sharp fingernails.
You have supernaturally acute eyesight.
You are dopey. (Int -2)
Your magical capacity is low (-10% MP).
Your system is resistant to poisons.
Potions and wands are less effective at restoring your health.


Message History

You hit the electric golem but do no damage.
The electric golem hurls lightning at you.
The bolt of lightning hits you! x2
* * * LOW HITPOINT WARNING * * *
The bolt of lightning hits the electric golem.
The electric golem completely resists.
You block the mottled draconian monk's attack.
The mottled draconian monk completely misses you.
You block the mottled draconian monk's attack.
You take 40 damage, and have 35/216 hp.
You now have 4/27 mp.
You barely miss the mottled draconian monk.
Your kick misses the mottled draconian monk.
You hit the fire dragon but do no damage.
You hit the electric golem.
The electric golem hurls lightning at you.
The bolt of lightning hits you!
* * * LOW HITPOINT WARNING * * *
The bolt of lightning hits you!
You die...
Your body crumbles into a pile of gold.

.#.##...# ...#...#####
.. ......##.#.## ..
)∩.#.##..#?.###.## ###
#)#........:.# ..##...#.
...8..##.#.### ...#.....
#.#.....[....# #........
...#.##..#:.####8((.....
......##.#.###.D@(......
...#...######.)q#.(((...
.#.##...####..####.....#
$ .#..##...#...## ...###
.....##....### ..#
.#.#####..## ..# $
!..(.##..## .#
.#..###.## ## .#.###..


You could see an electric golem, a mottled draconian monk and a fire dragon.

Vanquished Creatures
  2 ancient liches
  An orb of fire (Depths:5)
  Mennas (Vaults:2)
  Boris (Vaults:2)
  Norris (Vaults:2)
  Saint Roka (Vaults:4)
  A Killer Klown (Depths:5)
  2 caustic shrikes
  Xtahua (Depths:3)
  The ghost of Thomus the Executioner, an adept HOFi of Okawaru (Elf:3)
  Jorgrun (Depths:3)
  2 liches
  2 tentacled monstrosities
  An Ice Fiend (IceCv)
  6 titans
  2 deep elf blademasters (Elf:3)
  2 deep elf master archers (Elf:3)
  3 quicksilver dragons
  3 krakens
  An ancient champion (Crypt:2)
  Gastronok (Lair:1)
  The ghost of nublet the Black Belt, an adept DsMo of Qazlal (Shoals:2)
  7 shadow dragons
  A death cob (Depths:5)
  5 sphinxes
  7 storm dragons
  3 tengu reavers
  3 revenants
  Ilsuiw (Shoals:3)
  Wiglaf (Vaults:4)
  12 greater nagas
  A draconian monk (Depths:5)
  10 fire giants
  Donald (Shoals:4)
  10 frost giants
  2 orc warlords (Orc:3)
  Aizul (Snake:2)
  A ghost moth (Depths:5)
  10 vault wardens
  3 curse skulls
  2 ghouls (Crypt:2)
  11 deep elf sorcerers
  The ghost of ololoev the Severer, a journeyman DsFi of Okawaru (Depths:2)
  11 ironheart preservers
  A draconian annihilator (Depths:5)
  2 reapers
  6 very ugly things
  5 war gargoyles
  19 stone giants
  6 deep elf demonologists
  5 vampire knights
  2 green draconians
  A white draconian (Depths:5)
  2 yellow draconians
  9 deep elf annihilators
  A dire elephant (shapeshifter) (Vaults:4)
  2 purple draconians
  4 red draconians
  A minotaur (Lab)
  15 ettins
  Snorg (D:13)
  5 deep elf death magi
  6 merfolk javelineers
  9 merfolk impalers
  2 eidola
  10 fire dragons
  28 vault guards
  2 jiangshi (Crypt:3)
  Josephine (D:12)
  18 yaktaur captains
  9 entropy weavers
  13 ogre magi
  5 deep elf high priests
  17 ice dragons
  8 great orbs of eyes
  A hell beast (Depths:1)
  16 centaur warriors
  18 naga warriors
  The ghost of Goblin1989 the Cleaver, a journeyman DsWn of Okawaru (D:11)
  4 merfolk avatars
  3 rakshasas
  13 hydras
  A death knight (Crypt:1)
  14 merfolk aquamancers
  Erica (D:11)
  17 anacondas
  2 spriggan air magi
  An alligator snapping turtle (Shoals:3)
  7 tengu warriors
  3 satyrs
  An orc high priest (Orc:4)
  10 deep troll earth magi
  6 spriggan berserkers
  3 deep troll shamans
  8 death yaks
  18 naga sharpshooters
  A vampire mage (Crypt:3)
  7 spriggans
  9 shock serpents
  2 titan skeletons (Crypt:3)
  5 fire crabs
  3 hell hogs (Depths:4)
  An iron troll (Depths:5)
  17 hell knights
  4 shadow wraiths
  4 salamander mystics
  A soul eater (Crypt:2)
  8 ice devils
  22 skeletal warriors
  18 deep elf knights
  A storm dragon skeleton (Depths:3)
  4 unseen horrors
  6 flayed ghosts (Crypt:3)
  2 giant orange brains
  7 sea snakes
  12 deep elf summoners
  33 deep trolls
  15 harpies
  An orange crystal statue (Crypt:2)
  12 naga ritualists
  2 unseen horrors (shapeshifter) (Vaults:4)
  A sphinx zombie (Depths:3)
  13 ironbrand convokers
  3 wizards
  A torturous demonspawn (Depths:1)
  5 orc sorcerers
  14 orc knights
  11 deep elf conjurers
  9 necromancers
  10 hill giants
  12 mana vipers
  A salamander (shapeshifter) (Vaults:1)
  6 griffons
  2 hornets
  36 ugly things
  5 lindwurms
  15 phantasmal warriors
  A shining eye (shapeshifter) (Depths:5)
  2 tengu skeletons
  12 elephants
  2 wolf spiders
  A cyclops (Vaults:1)
  3 stone giant zombies
  4 manticores
  A stone giant skeleton (Vaults:2)
  A sphinx skeleton (Vaults:2)
  8 salamanders
  7 slime creatures
  8 water nymphs
  A dire elephant zombie (Crypt:1)
  11 fauns
  2 sixfirhies
  8 fire giant skeletons (Crypt:3)
  15 sirens
  2 frost giant skeletons
  20 naga magi
  42 black mambas
  An octopode (shapeshifter) (Depths:1)
  A rust devil (Depths:1)
  9 guardian serpents
  5 moths of wrath
  4 ice statues (IceCv)
  18 vault sentinels
  3 torpor snails (Lair:8)
  A red draconian zombie (Crypt:1)
  8 gargoyles
  A torpor snail (shapeshifter) (Vaults:3)
  The ghost of Goblin1989 the Covert, a novice VSAs of Ashenzari (Bailey)
  11 spiny frogs
  2 spiny frogs (shapeshifter)
  An anaconda simulacrum (IceCv)
  15 komodo dragons
  2 yaktaurs (shapeshifter)
  20 deep elf priests
  A golden dragon simulacrum (IceCv)
  A red draconian skeleton (Crypt:2)
  A komodo dragon (shapeshifter) (Depths:1)
  A harpy zombie (Crypt:3)
  A hellwing (Depths:2)
  48 yaktaurs
  4 trolls
  3 kobold demonologists (Vaults:1)
  2 tengu conjurers
  5 polar bears
  36 merfolk
  23 blink frogs
  A yaktaur skeleton (Vaults:2)
  6 freezing wraiths
  8 fire drakes
  A giant leech (Lair:8)
  A harpy skeleton (Crypt:1)
  A red devil (Depths:1)
  3 jumping spiders
  5 snapping turtles
  7 blue devils (IceCv)
  A polar bear (shapeshifter) (Depths:3)
  Prince Ribbit (D:7)
  A hydra skeleton (Crypt:3)
  2 wind drakes (Shoals:4)
  24 two-headed ogres
  An ettin zombie (Crypt:3)
  A troll (shapeshifter) (Vaults:1)
  2 bog bodies (Crypt:1)
  A raiju (shapeshifter) (Depths:1)
  A fire dragon zombie (Crypt:3)
  10 flying skulls (Crypt:1)
  10 boulder beetles
  A trapdoor spider (shapeshifter) (Vaults:5)
  2 fire giant simulacra
  An ice dragon zombie (Crypt:3)
  19 water elementals
  Sigmund (D:4)
  2 ettin skeletons (Vaults:2)
  21 redbacks
  A vampire (Crypt:3)
  2 air elementals (Depths:5)
  8 tarantellas
  34 deep elf magi
  6 fire dragon skeletons (Crypt:3)
  14 wraiths
  10 hungry ghosts
  A fire bat (Shoals:3)
  3 wyverns
  A tarantella (shapeshifter) (Vaults:5)
  An iron troll simulacrum (IceCv)
  4 shadows
  17 vampire mosquitoes
  9 basilisks
  A steam dragon (Lair:8)
  Menkaure (D:4)
  36 deep elf fighters
  8 wargs
  35 yaks
  3 hydra simulacra (IceCv)
  15 wolves
  16 hippogriffs
  A spiny frog zombie (Crypt:3)
  23 water moccasins
  2 harpy simulacra (IceCv)
  5 mottled dragons
  A soldier ant (shapeshifter) (Vaults:2)
  2 gelid demonspawn skeletons
  78 nagas
  50 orc warriors
  A swamp drake (Lair:8)
  5 sky beasts
  7 hell hounds (Depths:4)
  4 necrophages
  7 wasps
  14 porcupines
  A black bear (shapeshifter) (Depths:2)
  A black bear (D:10)
  3 phantoms
  2 ettin simulacra (IceCv)
  37 ogres
  5 human skeletons
  14 ice beasts
  27 centaurs
  13 boggarts
  A snapping turtle skeleton (Crypt:3)
  22 crocodiles
  7 big kobolds
  Blork the orc (D:6)
  24 giant frogs
  A giant frog (shapeshifter) (Vaults:4)
  A water moccasin skeleton (Crypt:1)
  12 killer bees
  5 lava snakes (Snake:2)
  8 electric eels
  A yaktaur simulacrum (Vaults:1)
  A human simulacrum (Vaults:1)
  A black bear zombie (Crypt:2)
  3 giant frog zombies
  4 centaur zombies
  A giant frog skeleton (D:12)
  7 wights
  6 crimson imps
  9 hounds
  A basilisk zombie (Crypt:2)
  34 orc priests
  3 jellies
  3 centaur skeletons
  A gnoll shaman (D:9)
  12 iguanas
  4 quasits
  9 worker ants
  30 orc wizards
  A sheep (shapeshifter) (Vaults:2)
  17 sheep
  A big kobold skeleton (Crypt:2)
  A big kobold zombie (Ossuary)
  A hound zombie (D:11)
  2 hound skeletons
  19 gnolls
  2 mummies (Ossuary)
  13 adders
  A scorpion zombie (Crypt:2)
  48 river rats
  6 shadow imps
  A worker ant simulacrum (D:10)
  4 white imps
  3 ufetubi
  An ooze (D:4)
  4 adder skeletons
  2 worms
  5 giant geckos
  247 orcs
  6 ball pythons
  3 giant cockroaches
  6 gnoll zombies
  31 goblins
  30 hobgoblins
  11 jackals
  6 quokkas
  A ball python skeleton (Crypt:2)
  6 bats
  A giant gecko skeleton (D:5)
  8 giant newts
  2 goblin zombies (Ossuary)
  A hobgoblin zombie (Ossuary)
  A jackal zombie (Crypt:2)
  37 kobolds
  5 orc zombies (Ossuary)
  2 quokka zombies
  9 rats
  A bush (Lair:2)
  3 fungi
  3 lost souls
  24 plants
  7 tentacles
2684 creatures vanquished.

Vanquished Creatures (collateral kills)
  An ancient lich (Crypt:3)
  A juggernaut (Depths:5)
  Margery (Vaults:4)
  3 golden dragons (Vaults:5)
  Nikola (Vaults:3)
  2 tentacled monstrosities
  A titan (Vaults:5)
  A sphinx (Vaults:5)
  A tengu reaver (Depths:5)
  A storm dragon (Depths:5)
  2 greater nagas (Snake:4)
  A revenant (Crypt:3)
  A fire giant (Vaults:5)
  A frost giant (Depths:3)
  A draconian shifter (Zot:1)
  5 vault wardens
  A ghoul (Crypt:1)
  3 ironheart preservers
  4 very ugly things
  A stone giant (Depths:1)
  A deep elf demonologist (Vaults:4)
  A spriggan defender (Depths:5)
  A green draconian (Depths:5)
  2 deep elf annihilators
  4 merfolk javelineers
  3 ettins
  A crystal guardian (Vaults:5)
  3 vault guards
  3 yaktaur captains
  Erolcha (D:12)
  A hydra (Lair:1)
  An ice dragon (Depths:4)
  2 great orbs of eyes
  A rakshasa (Depths:4)
  2 centaur warriors
  A merfolk avatar (Shoals:1)
  2 ogre magi
  A satyr (Shoals:3)
  A death yak (Lair:6)
  A merfolk aquamancer (Shoals:4)
  A vampire mage (Crypt:3)
  A deep troll earth mage (Depths:5)
  A spriggan berserker (Depths:3)
  An orc high priest (Orc:4)
  A deep troll shaman (Depths:2)
  An iron troll (Depths:5)
  6 hell knights
  A sea snake (Shoals:4)
  A hill giant (D:12)
  4 deep trolls
  A lindwurm (shapeshifter) (Vaults:5)
  5 harpies
  3 orc knights
  A deep elf conjurer (Vaults:5)
  7 ugly things
  4 necromancers
  4 fauns
  A siren (Shoals:3)
  An elephant (Lair:1)
  5 vault sentinels
  4 black mambas
  2 naga magi (Snake:4)
  3 spiny frogs
  A fire drake (Lair:2)
  2 komodo dragons
  6 yaktaurs
  A deep elf priest (Vaults:5)
  2 freezing wraiths (Vaults:5)
  7 merfolk
  5 two-headed ogres
  A wind drake (Shoals:4)
  2 snapping turtles
  2 blink frogs
  A flying skull (Crypt:1)
  2 water elementals
  A centaur simulacrum (D:10)
  3 spriggans
  A fire dragon skeleton (Crypt:3)
  3 deep elf fighters
  3 redbacks (Vaults:2)
  A steam dragon (D:8)
  A basilisk (shapeshifter) (Vaults:5)
  8 orc warriors
  2 porcupines
  An ice beast (Shoals:1)
  2 necrophages
  6 ogres
  A phantom (D:9)
  A boggart (Depths:2)
  A big kobold (Vaults:1)
  4 wasps
  4 giant frogs
  An orc priest (Orc:3)
  2 orc wizards
  6 orcs
  A kobold (D:12)
  A butterfly (Lair:5)
  A plant (Shoals:4)
  2 tentacles
214 creatures vanquished.

Vanquished Creatures (others)
  A lich (Crypt:3)
  2 fire giants (Depths:1)
  A stone giant (Vaults:5)
  A war gargoyle (Crypt:3)
  A deep elf high priest (Elf:3)
  A naga warrior (Snake:4)
  18 dancing weapons (Elf:2)
  An ogre mage (Vaults:4)
  A merfolk aquamancer (Shoals:4)
  A deep elf knight (Vaults:3)
  A vampire mosquito (Vaults:1)
  An orc warrior (D:6)
  An ogre (Vaults:1)
  An orc priest (D:6)
  A bush (Lair:2)
  18 fungi
  7 lost souls
  25 plants
  24 tentacles
  1378 tentacle segments
  13 toadstools (Lair:7)
1498 creatures vanquished.

Grand Total: 4396 creatures vanquished

Notes
Turn   | Place    | Note
--------------------------------------------------------------
     0 | D:1      | Goblin1989 the Demonspawn Wanderer began the quest for the Orb.
     0 | D:1      | Goblin1989 set off with: a +0 shield, a +0 hand axe, a +0 ring mail, a bread ration
     0 | D:1      | Reached XP level 1. HP: 18/18 MP: 1/1
   147 | D:1      | Reached skill level 1 in Axes
   250 | D:1      | Gained mutation: You are partially covered in large bone plates (AC +2, SH +2). [demonic ancestry]
   250 | D:1      | Reached XP level 2. HP: 24/24 MP: 2/2
  1314 | D:2      | Found a shattered altar of Ashenzari.
  1614 | D:2      | Gained mutation: You are partially covered in sharp spines. [demonic ancestry]
  1614 | D:2      | Reached XP level 3. HP: 24/29 MP: 3/3
  1972 | D:3      | Noticed a centaur
  2109 | D:3      | Killed a centaur
  2109 | D:3      | Reached skill level 4 in Axes
  2109 | D:3      | Reached XP level 4. HP: 24/35 MP: 4/4
  2343 | D:3      | Reached XP level 5. HP: 35/41 MP: 5/5
  2757 | D:3      | Noticed a big kobold
  2766 | D:3      | Killed a big kobold
  2766 | D:3      | Reached skill level 5 in Axes
  2768 | D:3      | Reached XP level 6. HP: 40/47 MP: 6/6
  3452 | D:4      | Found a shadowy altar of Dithmenos.
  3500 | D:4      | Noticed Sigmund
  3509 | D:4      | Killed Sigmund
  3509 | D:4      | Reached skill level 6 in Axes
  3509 | D:4      | Gained mutation: A weak demonic guardian rushes to your aid. [demonic ancestry]
  3509 | D:4      | Reached XP level 7. HP: 36/52 MP: 7/7
  3591 | D:4      | Found a sparkling altar of Nemelex Xobeh.
  3591 | D:4      | Found a deep blue altar of Sif Muna.
  3592 | D:4      | Found an opulent altar of Gozag.
  3598 | D:4      | Became a worshipper of Gozag Ym Sagoz the Greedy
  3633 | D:4      | Reached skill level 7 in Axes
  3653 | D:4      | Noticed Menkaure
  3660 | D:4      | Killed Menkaure
  3758 | D:4      | Found a bloodstained altar of Trog.
  3914 | D:4      | Found a shimmering altar of Xom.
  3922 | D:4      | Found a snail-covered altar of Cheibriados.
  3923 | D:4      | Found a glowing golden altar of the Shining One.
  3926 | D:4      | Found a stormy altar of Qazlal.
  4000 | D:4      | Found an ancient bone altar of Kikubaaqudgha.
  4147 | D:5      | Entered Level 5 of the Dungeon
  4234 | D:5      | Reached skill level 8 in Axes
  4284 | D:5      | Found a staircase to the Ecumenical Temple.
  4294 | D:5      | Gained mutation: You are mostly covered in large bone plates (AC +3, SH +3). [demonic ancestry]
  4294 | D:5      | Reached XP level 8. HP: 31/58 MP: 8/8
  4390 | D:5      | Got a dazzling cloak
  4396 | D:5      | Identified the +0 cloak "Kosho" {rF+ rC+++ rCorr Int-4} (You found it on level 5 of the Dungeon)
  4614 | D:6      | Got a faintly humming leather armour
  4625 | D:6      | Identified the cursed +0 leather armour of Dithmenos's Anger {Dex+4} (You found it on level 6 of the Dungeon)
  4654 | D:6      | Reached skill level 9 in Axes
  5307 | D:6      | Noticed Blork the orc
  5317 | D:6      | Killed Blork the orc
  5332 | D:6      | Reached skill level 10 in Axes
  6114 | D:7      | Noticed Prince Ribbit
  6179 | D:7      | Reached XP level 9. HP: 59/61 MP: 9/9
  6195 | D:7      | Killed Prince Ribbit
  6828 | D:8      | Found a sand-covered staircase.
  6836 | Ossuary  | Entered an ossuary
  7123 | D:8      | Got a sapphire-encrusted ring mail
  7134 | D:8      | Identified the cursed +1 ring mail "Lacyum" {*Contam rC+ MR- Stlth+} (You found it on level 8 of the Dungeon)
  7159 | D:8      | Reached skill level 11 in Axes
  7185 | D:8      | Gained mutation: Scrolls take you a little longer to read. [mutagenic glow]
  7546 | D:9      | Reached skill level 5 in Fighting
  7615 | D:9      | Gained mutation: You have sharp toenails. [demonic ancestry]
  7615 | D:9      | Reached XP level 10. HP: 66/71 MP: 8/10
  7714 | D:9      | Noticed a komodo dragon
  7719 | D:9      | Found a staircase to the Lair.
  7736 | D:9      | Killed a komodo dragon
  8301 | D:10     | Entered Level 10 of the Dungeon
  9529 | D:10     | Found a staircase to the Orcish Mines.
  9545 | D:10     | Reached skill level 12 in Axes
 10075 | Lair:1   | Entered Level 1 of the Lair of Beasts
 10112 | Lair:1   | Noticed an elephant
 10113 | Lair:1   | Noticed an elephant
 10137 | Lair:1   | Noticed an elephant
 10138 | Lair:1   | Killed an elephant
 10138 | Lair:1   | Reached skill level 5 in Armour
 10142 | Lair:1   | Killed an elephant
 10142 | Lair:1   | Reached skill level 5 in Shields
 10151 | Lair:1   | Killed an elephant
 10561 | Lair:1   | Gained mutation: You are completely covered in large bone plates (AC +4, SH +4). [demonic ancestry]
 10561 | Lair:1   | Reached XP level 11. HP: 58/79 MP: 7/11
 10684 | Lair:1   | Noticed a five-headed hydra
 10691 | Lair:1   | Killed a five-headed hydra
 10822 | Lair:1   | Noticed Gastronok
 10840 | Lair:1   | Noticed a four-headed hydra
 10843 | Lair:1   | Killed Gastronok
 10843 | Lair:1   | Reached skill level 13 in Axes
 10848 | Lair:1   | Killed a four-headed hydra
 12605 | Lair:2   | Reached XP level 12. HP: 78/89 MP: 9/12
 13128 | Lair:3   | Found a staircase to the Shoals.
 13579 | Lair:3   | Reached skill level 14 in Axes
 13645 | Lair:3   | Got an encrusted hunting sling
 13646 | Lair:3   | Identified the +11 hunting sling of the Big Bang {velocity, *Contam +Blink Int+4} (You found it on level 3 of the Lair of Beasts)
 13905 | Lair:4   | Lost mutation: Scrolls take you a little longer to read. [mutagenic glow]
 13905 | Lair:4   | Gained mutation: You have supernaturally acute eyesight. [mutagenic glow]
 13967 | Lair:4   | Noticed a five-headed hydra
 13976 | Lair:4   | Killed a five-headed hydra
 14272 | Lair:3   | Got a polished war axe
 14273 | Lair:3   | Identified the +3 war axe of Rubbish {chop, +Rage Str+4} (You found it on level 3 of the Lair of Beasts)
 16237 | Lair:1   | Reached skill level 1 in Slings
 16429 | Lair:4   | Found a staircase to the Snake Pit.
 16750 | Lair:4   | Noticed an eight-headed hydra
 16767 | Lair:4   | Gained mutation: You have razor-sharp toenails. [demonic ancestry]
 16767 | Lair:4   | Reached XP level 13. HP: 19/100 MP: 8/13
 16823 | Lair:4   | Killed an eight-headed hydra
 16823 | Lair:4   | Reached skill level 5 in Slings
 18224 | Lair:5   | Learned a level 1 spell: Apportation
 19109 | Lair:6   | Found a viscous altar of Jiyva.
 19109 | Lair:6   | Found a staircase to the Slime Pits.
 20384 | Lair:7   | Reached skill level 10 in Slings
 21234 | Lair:7   | Gained mutation: You have claws for feet. [demonic ancestry]
 21234 | Lair:7   | Reached XP level 14. HP: 94/106 MP: 14/14
 21366 | Lair:7   | Found a blossoming altar of Fedhas.
 22522 | D:10     | Noticed a hill giant
 22533 | D:10     | Killed a hill giant
 22829 | Orc:1    | Entered Level 1 of the Orcish Mines
 23330 | Orc:2    | Identified 3 scrolls of acquirement
 23356 | Orc:2    | Learned a level 6 spell: Death Channel
 23361 | Orc:2    | Bought the amulet "Meptobal" {rPois Regen+} for 494 gold pieces
 23447 | Orc:2    | Found a flagged portal.
 23464 | Bailey   | Entered a bailey
 23739 | Bailey   | Noticed Goblin1989's ghost (novice VSAs)
 23747 | Bailey   | Killed Goblin1989's ghost
 24328 | Orc:2    | Found a roughly hewn altar of Beogh.
 25350 | Orc:3    | Noticed an orc warlord
 25390 | Orc:3    | Killed an orc warlord
 26245 | Orc:4    | Entered Level 4 of the Orcish Mines
 26248 | Orc:4    | Bought 15 stones for 21 gold pieces
 26248 | Orc:4    | Bought 17 stones for 23 gold pieces
 26256 | Orc:4    | Found a labyrinth entrance.
 26268 | Lab      | Entered a labyrinth
 26635 | Lab      | Got a pitted large shield
 26646 | Lab      | Identified the +4 large shield of Apathy {Str+3 Dex+4} (You found it in a labyrinth)
 26700 | Orc:4    | Paralysed by an orc sorcerer for 4 turns
 27021 | Orc:4    | Noticed an orc warlord
 27161 | Orc:3    | Killed an orc warlord
 27204 | Orc:4    | Gained mutation: You are weak. (Str -2) [mutagenic glow]
 27222 | Orc:4    | Found Sufuut's Book Shoppe.
 27247 | Orc:4    | Found Wociseme's Antique Weapon Shop.
 27270 | Orc:4    | Bought a brightly glowing morningstar for 216 gold pieces
 27306 | Orc:4    | Found Botoh's General Store.
 27341 | Orc:4    | Found Jeup's Armour Emporium.
 27403 | Orc:4    | Reached skill level 15 in Axes
 27418 | Orc:4    | Found a staircase to the Elven Halls.
 27419 | Orc:4    | Bought the cursed +1 plate armour of Mirth {rElec rPois MR+} for 683 gold pieces
 27430 | Orc:4    | Identified a +5 rod of clouds (13/13) {!a} (You took it off a minotaur in a labyrinth)
 27570 | Orc:4    | Bought a potion of agility for 64 gold pieces
 27570 | Orc:4    | Bought a beef jerky for 24 gold pieces
 27570 | Orc:4    | Bought a royal jelly for 32 gold pieces
 27570 | Orc:4    | Bought a bread ration for 80 gold pieces
 27625 | Orc:4    | Found Junyst's Antique Armour Shoppe.
 27972 | D:10     | Reached skill level 10 in Fighting
 28037 | D:11     | Noticed Goblin1989's ghost (journeyman DsWn)
 28057 | D:11     | Killed Goblin1989's ghost
 28512 | D:11     | Noticed Erica
 28521 | D:11     | Killed Erica
 28758 | D:12     | Noticed Josephine
 28778 | D:12     | Killed Josephine
 29063 | D:12     | Noticed Erolcha
 29063 | D:12     | Paralysed by Erolcha for 7 turns
 29074 | D:12     | Killed Erolcha
 29150 | D:12     | Reached XP level 15. HP: 117/117 MP: 15/15
 29667 | D:13     | Noticed Snorg
 29675 | D:13     | Killed Snorg
 30267 | D:14     | Learned a level 3 spell: Regeneration
 30270 | D:14     | Learned a level 2 spell: Song of Slaying
 30272 | D:14     | Learned a level 1 spell: Animate Skeleton
 30452 | D:14     | Found a gate to the Vaults.
 30858 | D:15     | Entered Level 15 of the Dungeon
 31179 | D:15     | Found a staircase to the Depths.
 31413 | D:15     | Reached skill level 16 in Axes
 31852 | D:15     | Found Riygraf's Weapon Emporium.
 31855 | D:15     | Bought 25 stones for 37 gold pieces
 31855 | D:15     | Bought 28 stones for 42 gold pieces
 31855 | D:15     | Bought 26 stones for 39 gold pieces
 31855 | D:15     | Bought 18 stones for 27 gold pieces
 32270 | Lair:8   | Entered Level 8 of the Lair of Beasts
 32910 | Lair:8   | Reached skill level 10 in Armour
 33029 | Lair:8   | Reached XP level 16. HP: 131/131 MP: 16/16
 33305 | Lair:8   | Reached skill level 10 in Shields
 33337 | Lair:8   | Got a smoking war axe
 33338 | Lair:8   | Identified the cursed +3 war axe of the Owl {venom, Str+7} (You found it on level 8 of the Lair of Beasts)
 33362 | Lair:8   | Lost mutation: You are weak. (Str -2) [mutagenic glow]
 33858 | Snake:1  | Entered Level 1 of the Snake Pit
 34033 | Snake:1  | Reached skill level 15 in Fighting
 34921 | Orc:2    | Bought a +6 ring of protection for 936 gold pieces
 36318 | Snake:2  | Noticed Aizul
 36347 | Snake:2  | Killed Aizul
 36860 | Snake:3  | Reached XP level 17. HP: 120/144 MP: 17/17
 37698 | Snake:4  | Entered Level 4 of the Snake Pit
 39963 | Snake:4  | Gained mutation: A demonic guardian rushes to your aid. [demonic ancestry]
 39963 | Snake:4  | Reached XP level 18. HP: 140/153 MP: 18/18
 40388 | Snake:4  | Got a serpentine rune of Zot
 40535 | Snake:4  | Learned a level 2 spell: Repel Missiles
 40538 | Snake:4  | Learned a level 2 spell: Swiftness
 40854 | Shoals:1 | Entered Level 1 of the Shoals
 40932 | Shoals:1 | Found a frozen archway.
 40978 | IceCv    | Entered an ice cave
 41243 | IceCv    | Reached skill level 17 in Fighting
 41563 | IceCv    | Got a sheer robe
 41921 | Orc:4    | Bought the +8 orange crystal plate armour {Archmagi, Int+3 Clar SustAt} for 4107 gold pieces
 42156 | Lair:3   | Bought a bread ration for 65 gold pieces
 42156 | Lair:3   | Bought a bread ration for 65 gold pieces
 42156 | Lair:3   | Bought a slice of pizza for 19 gold pieces
 42156 | Lair:3   | Bought a meat ration for 65 gold pieces
 42156 | Lair:3   | Bought a slice of pizza for 19 gold pieces
 42156 | Lair:3   | Bought a slice of pizza for 19 gold pieces
 42156 | Lair:3   | Bought a beef jerky for 19 gold pieces
 42156 | Lair:3   | Bought a royal jelly for 26 gold pieces
 42156 | Lair:3   | Bought a beef jerky for 19 gold pieces
 42156 | Lair:3   | Bought a bread ration for 65 gold pieces
 42667 | Shoals:2 | Reached skill level 15 in Shields
 42686 | Shoals:2 | Noticed nublet's ghost (adept DsMo)
 42836 | Shoals:2 | Killed nublet's ghost
 43812 | Shoals:3 | Found Basch's Assorted Antiques.
 43820 | Shoals:3 | Bought a papyrus book for 315 gold pieces
 43820 | Shoals:3 | Bought a scroll of recharging for 199 gold pieces
 43820 | Shoals:3 | Bought a scroll of teleportation for 63 gold pieces
 43820 | Shoals:3 | Bought a scroll of identify for 42 gold pieces
 43820 | Shoals:3 | Bought a faintly glowing pewter ring for 105 gold pieces
 43821 | Shoals:3 | Identified the ring "Lusaq" {rF+ Str+5} (You bought it in a shop on level 3 of the Shoals)
 43833 | Shoals:3 | Noticed Ilsuiw
 43886 | Shoals:3 | Killed Ilsuiw
 44005 | Shoals:3 | Got a fine amber ring
 44254 | Shoals:3 | Identified the ring "Ibiogaan" {+Inv rN+ Int+4} (You took it off a merfolk on level 3 of the Shoals)
 44300 | Shoals:4 | Entered Level 4 of the Shoals
 44310 | Shoals:4 | Noticed Donald
 44320 | Shoals:4 | Killed Donald
 44364 | Shoals:4 | Gained mutation: You are mostly covered in sharp spines. [demonic ancestry]
 44364 | Shoals:4 | Reached XP level 19. HP: 114/161 MP: 19/19
 45437 | Shoals:4 | Got a barnacled rune of Zot
 45935 | Shoals:4 | jacquesderrida: Gremleng
 45935 | Shoals:4 | jacquesderrida: Welcome
 45935 | Shoals:4 | Goblin1989: здрась
 45935 | Shoals:4 | jacquesderrida: sps
 46765 | Vaults:1 | Entered Level 1 of the Vaults
 46771 | Vaults:1 | Reached skill level 18 in Fighting
 48494 | Vaults:2 | Noticed Boris
 48577 | Vaults:2 | Gained mutation: You resist negative energy. [demonic ancestry]
 48577 | Vaults:2 | Reached XP level 20. HP: 167/171 MP: 20/20
 48599 | Vaults:2 | Killed Boris
 48743 | Vaults:2 | Noticed Norris
 48772 | Vaults:2 | Killed Norris
 49135 | Vaults:2 | Noticed Mennas
 49180 | Vaults:2 | Killed Mennas
 50410 | Vaults:2 | Found a staircase to the Crypt.
 50547 | Vaults:3 | Noticed Nikola
 50558 | Vaults:3 | Killed Nikola
 51025 | Vaults:3 | Reached skill level 15 in Armour
 51672 | Vaults:3 | Reached skill level 19 in Fighting
 52102 | Vaults:4 | Noticed Margery
 52370 | Vaults:4 | Killed Margery
 52422 | Vaults:4 | Reached XP level 21. HP: 171/180 MP: 21/21
 52962 | Vaults:4 | Noticed Saint Roka
 52995 | Vaults:4 | Killed Saint Roka
 54343 | Depths:1 | Entered Level 1 of the Depths
 54350 | Depths:1 | Found a gateway to Hell.
 54472 | Depths:1 | Found a one-way gate leading to the halls of Pandemonium.
 54670 | Depths:1 | Found a gateway to a ziggurat.
 54775 | Depths:1 | Noticed a caustic shrike
 54797 | Depths:1 | Killed a caustic shrike
 55289 | Depths:1 | Reached skill level 20 in Shields
 55401 | Depths:1 | Identified a +2 rod of clouds (13/13) (You found it on level 1 of the Depths)
 55802 | Depths:1 | Reached XP level 22. HP: 188/188 MP: 22/22
 55955 | Depths:1 | Found a corrupted altar of Lugonu.
 56019 | Depths:1 | Goblin1989: ништяк шмот подобрался
 56019 | Depths:1 | Goblin1989: еще бы релек и рмут
 56077 | Depths:2 | Noticed ololoev's ghost (journeyman DsFi)
 56142 | Depths:2 | Killed ololoev's ghost
 56394 | Depths:2 | Got a twisted hand crossbow
 56395 | Depths:2 | Identified the cursed +2 hand crossbow "Vos Enof" {velocity, rPois Stlth+} (You found it on level 2 of the Depths)
 56551 | Depths:2 | Found Ucazxy's Antique Weapon Shoppe.
 57216 | Depths:3 | Noticed Xtahua
 57244 | Depths:3 | Killed Xtahua
 57553 | Depths:3 | Reached skill level 21 in Shields
 57797 | Depths:3 | Noticed Jorgrun
 57821 | Depths:3 | Killed Jorgrun
 58573 | Depths:4 | Found a one-way gate to the infinite horrors of the Abyss.
 58933 | Depths:4 | Gained mutation: You are somewhat able to resist unholy torments (1 in 2 success). [demonic ancestry]
 58933 | Depths:4 | Reached XP level 23. HP: 187/194 MP: 23/23
 59413 | Depths:5 | Entered Level 5 of the Depths
 59738 | Depths:5 | Reached skill level 22 in Shields
 59818 | Depths:5 | Identified the Incunabulum of Transmigration
 60069 | Depths:5 | Found a gate to the Realm of Zot.
 60137 | Depths:5 | Noticed a juggernaut
 60163 | Depths:5 | Killed a juggernaut
 60556 | Depths:5 | Gained mutation: You are dopey. (Int -2) [a shining eye]
 60558 | Depths:5 | Gained mutation: Your muscles are strong. (Str +2) [a shining eye]
 61303 | Crypt:1  | Entered Level 1 of the Crypt
 62115 | Crypt:1  | Found a basalt altar of Yredelemnul.
 63199 | Crypt:2  | Found a basalt altar of Yredelemnul.
 63386 | Crypt:3  | Entered Level 3 of the Crypt
 63443 | Crypt:3  | Gained mutation: Potions and wands are less effective at restoring your health. [mutagenic glow]
 63497 | Crypt:3  | Reached skill level 23 in Shields
 63917 | Crypt:3  | Got a bound wooden ring
 63917 | Crypt:3  | Got a bound lead ring
 63918 | Crypt:3  | Identified the ring "Xaoskan" {rN+ Int+2 Slay+2} (You found it on level 3 of the Crypt)
 63919 | Crypt:3  | Identified the ring of Wedes {rF+++ rN+ Str+3 Dex-2} (You found it on level 3 of the Crypt)
 64031 | Crypt:3  | Found a staircase to the Tomb.
 64117 | Crypt:3  | Gained mutation: You are completely covered in sharp spines. [demonic ancestry]
 64117 | Crypt:3  | Reached XP level 24. HP: 202/202 MP: 23/23
 64834 | Crypt:3  | Found an ancient bone altar of Kikubaaqudgha.
 64836 | Crypt:3  | Noticed an ancient lich
 64849 | Crypt:3  | Killed an ancient lich
 64917 | Crypt:3  | Noticed an ancient lich
 64935 | Crypt:3  | Killed an ancient lich
 64944 | Crypt:3  | Identified the Papyrus of Clay
 64949 | Crypt:3  | Learned a level 3 spell: Passwall
 65794 | Elf:1    | Entered Level 1 of the Elven Halls
 66782 | Elf:2    | Found a runed gate.
 66782 | Elf:2    | Found a runed gate.
 66782 | Elf:2    | Found a runed gate.
 67364 | Elf:2    | Reached skill level 24 in Shields
 67547 | Elf:3    | Entered Level 3 of the Elven Halls
 67813 | Elf:3    | Got a scintillating amber ring
 67877 | Elf:3    | Got a clouded wooden ring
 68059 | Elf:3    | Noticed Thomus's ghost (adept HOFi)
 68093 | Elf:3    | Killed Thomus's ghost
 68642 | Elf:3    | Gained mutation: Your system is resistant to poisons. [potion of beneficial mutation]
 68643 | Elf:3    | Gained mutation: You have sharp fingernails. [potion of beneficial mutation]
 68644 | Elf:3    | Identified the ring "Zuhaegh" {rPois rF- Int+4 Dex+2} (You took it off a deep elf high priest on level 3 of the Elven Halls)
 68645 | Elf:3    | Identified the ring "Votalepo" {Str+4 Dex+4} (You took it off a deep elf demonologist on level 3 of the Elven Halls)
 68660 | Elf:3    | Identified the Incunabulum of Companions
 68671 | Elf:3    | Identified Golys's Handbook of Feathery Combat Magic
 68695 | Elf:3    | Identified the Grimoire of Transformation
 68700 | Elf:3    | Identified the Catalogue of Enchantment
 68703 | Elf:3    | Got a polished hunting sling
 68704 | Elf:3    | Identified the +8 hunting sling of the Fulmar {freeze, Int+4 Dex+5} (You found it on level 3 of the Elven Halls)
 68743 | Elf:3    | Learned a level 3 spell: Portal Projectile
 69401 | Vaults:5 | Entered Level 5 of the Vaults
 69408 | Vaults:5 | Gained mutation: A powerful demonic guardian rushes to your aid. [demonic ancestry]
 69408 | Vaults:5 | Reached XP level 25. HP: 167/208 MP: 18/23
 69424 | Vaults:5 | Noticed Wiglaf
 69438 | Vaults:4 | Killed Wiglaf
 69606 | Vaults:5 | Reached skill level 25 in Shields
 70567 | Vaults:5 | Got a silver rune of Zot
 70846 | Vaults:5 | Identified Uckiarai's Papyrus of Dislocation (You found it on level 5 of the Vaults)
 71579 | Zot:1    | Entered Level 1 of the Realm of Zot
 71584 | Zot:1    | Noticed an ancient lich
 71604 | Depths:5 | Reached skill level 1 in Charms
 71729 | Zot:1    | Noticed an orb of fire
 71735 | Depths:5 | Reached skill level 1 in Spellcasting
 72069 | Depths:5 | Lost mutation: Your muscles are strong. (Str +2) [an orb of fire]
 72090 | Depths:5 | Gained mutation: Your magical capacity is low (-10% MP). [an orb of fire]
 72097 | Depths:5 | Killed an orb of fire
 72199 | Depths:5 | Reached skill level 5 in Charms
 72220 | Depths:5 | Killed an ancient lich
 72220 | Depths:5 | Reached XP level 26. HP: 156/216 MP: 21/25
 72563 | Zot:1    | Learned a level 6 spell: Haste
 72657 | Zot:1    | Killed from afar by an electric golem

Action                   |  1- 3 |  4- 6 |  7- 9 | 10-12 | 13-15 | 16-18 | 19-21 | 22-24 | 25-27 || total
-------------------------+-------+-------+-------+-------+-------+-------+-------+-------+-------++-------
Melee: Hand axe          |    88 |   100 |    26 |       |       |       |       |       |       ||   214
       War axe           |       |       |   298 |   792 |   331 |  1690 |   873 |  2639 |   587 ||  7210
       Flail             |       |       |       |    13 |       |       |       |       |       ||    13
       Hunting sling     |       |       |       |       |    92 |       |       |       |       ||    92
 Fire: Hunting sling     |       |       |       |    39 |  1988 |   708 |  2006 |   268 |   153 ||  5162
Throw: Stone             |       |       |       |       |       |       |       |     3 |       ||     3
Invok: Potion Petition   |       |       |       |       |     1 |     1 |       |       |       ||     2
       Call Merchant     |       |       |       |       |     2 |     1 |       |       |       ||     3
Evoke: Wand              |       |       |       |     2 |    13 |     6 |     1 |     5 |       ||    27
  Use: Scroll            |       |       |     8 |     5 |    28 |     7 |     2 |    15 |     4 ||    69
       Potion            |       |       |       |     5 |     1 |     5 |       |     3 |       ||    14
 Stab: Distracted        |       |       |     5 |     6 |     4 |    21 |    13 |    26 |    12 ||    87
       Sleeping          |       |       |     1 |       |       |       |       |       |       ||     1
       Invisible         |       |       |       |       |       |     6 |       |       |       ||     6
  Eat: Chunk             |     2 |     3 |       |       |       |       |       |       |       ||     5
       Pizza             |     1 |     1 |       |       |     1 |       |     4 |       |       ||     7
       Meat ration       |       |       |     2 |     4 |     2 |     5 |     2 |     5 |     1 ||    21
       Bread ration      |       |       |     1 |       |       |     3 |     1 |     6 |     3 ||    14
       Beef jerky        |       |       |       |     8 |     2 |     5 |     7 |     2 |     1 ||    25
       Fruit             |       |       |       |       |    54 |     2 |     7 |     3 |       ||    66
       Royal jelly       |       |       |       |       |     1 |     1 |     2 |       |       ||     4
